 Dungeon Crawl Stone Soup version 0.28.0-1-gb440e238dd (webtiles) character file.

Game seed: 1538406130629842970

107 Ablot the Grasshopper (level 4, 0/38 HPs)
             Began as a Gnoll Warper on Feb 26, 2022.
             Succumbed to an adder's poison
             ... on level 3 of the Dungeon.
             The game lasted 00:02:33 (2566 turns).

Ablot the Grasshopper (Gnoll Warper)                Turns: 2566, Time: 00:02:34

Health: 0/38       AC:  3    Str: 12    XL:     4   Next: 85%
Magic:  10/11      EV: 12    Int: 13    God:
Gold:   54         SH:  0    Dex: 11    Spells: 11/13 levels left

rFire   . . .      SeeInvis .   l - +2 whip (venom)
rCold   . . .      Faith    .   (no shield)
rNeg    . . .      Spirit   .   b - +0 leather armour
rPois   .          Reflect  .   (no helmet)
rElec   .          Harm     .   (no cloak)
rCorr   .          Rampage  .   (no gloves)
Will    .....                   (no boots)
Stlth   +.........              (no amulet)
HPRegen 0.12/turn               (no ring)
MPRegen 0.12/turn               (no ring)

@: lethally poisoned (0 -> -5)
A: fangs 1, strong nose, distributed training
a: no special abilities


You were on level 3 of the Dungeon.
You visited 1 branch of the dungeon, and saw 3 of its levels.

You collected 54 gold pieces.

Inventory:

Hand Weapons
 a - a +0 spear
 l - a +2 whip of venom (weapon)
Missiles
 d - 5 boomerangs of dispersal (quivered)
 f - 30 stones
 h - 2 throwing nets
 i - 2 poisoned darts
 n - 26 sling bullets
Armour
 b - a +0 leather armour (worn)
Scrolls
 c - a scroll of blinking
 e - a scroll of magic mapping {unknown}
 o - a scroll of vulnerability {unknown}
Potions
 g - a potion of curing {unknown}
 j - 2 potions of flight {unknown}
 k - a potion of invisibility {unknown}
 m - a potion of magic {unknown}


   Skills:
 + Level 4.7 Fighting
 + Level 1.2 Short Blades
 + Level 1.2 Long Blades
 + Level 1.2 Axes
 + Level 1.2 Maces & Flails
 + Level 4.7 Polearms
 + Level 1.2 Staves
 + Level 1.2 Slings
 + Level 1.2 Bows
 + Level 1.2 Crossbows
 + Level 2.8 Throwing
 + Level 2.8 Armour
 + Level 4.7 Dodging
 + Level 1.2 Stealth
 + Level 1.2 Shields
 + Level 1.2 Unarmed Combat
 + Level 5.1 Spellcasting
 + Level 1.0 Conjurations
 + Level 1.0 Hexes
 + Level 1.0 Summonings
 + Level 1.0 Necromancy
 + Level 5.5 Translocations
 + Level 1.0 Transmutations
 + Level 1.0 Fire Magic
 + Level 1.0 Ice Magic
 + Level 1.0 Air Magic
 + Level 1.0 Earth Magic
 + Level 1.0 Poison Magic
 + Level 1.4 Invocations
 + Level 1.2 Evocations


You had 11 spell levels left.
You knew the following spells:

 Your Spells              Type           Power      Damage    Failure   Level
a - Blink                 Tloc           34%        N/A       3%          2

Your spell library contained the following spells:

 Spells                   Type           Power      Damage    Failure   Level
 Gell's Gravitas          Tloc           17%        N/A       8%          3
 Lesser Beckoning         Tloc           17%        N/A       8%          3
 Teleport Other           Tloc           17%        N/A       8%          3
 Scorch                   Fire           12%        2d6       22%         2
 Manifold Assault         Tloc           17%        N/A       56%         5
 Flame Wave               Conj/Fire      6%         2d5       83%         4
 Summon Cactus Giant      Summ           3%         N/A       100%        6


Dungeon Overview and Level Annotations

Branches:
Dungeon (3/15)

Altars:

Shops:
D:1 *


Innate Abilities, Weirdness & Mutations

You have very sharp teeth.
Your uncanny sense of smell can sniff out nearby items.
Your experience applies equally to all skills.


Message History

The goblin hits you but does no damage.
You hit the orc wizard.
The orc wizard looks as sick as possible!
The orc wizard is almost dead.
Something hits you.
The orc wizard points at you and mumbles some strange words.
The magic dart hits you. The orc hits you with a +0 flail!
* * * LOW HITPOINT WARNING * * *
The goblin hits you with a +0 club.
* * * LOW HITPOINT WARNING * * *
Casting: Blink (safe; 3% risk of failure)
Confirm with . or Enter, or press ? or * to list all spells.
You blink.
You kill the orc wizard!
Your Conjurations skill increases to level 1!
Your Hexes skill increases to level 1!
Your Summonings skill increases to level 1!
Your Necromancy skill increases to level 1!
Your Transmutations skill increases to level 1!
Your Fire Magic skill increases to level 1!
Your Ice Magic skill increases to level 1!
Your Air Magic skill increases to level 1!
Your Earth Magic skill increases to level 1!
Your Poison Magic skill increases to level 1!
Unknown command.
Found a hunting sling.
You feel stable enough to blink again.
Something tries to affect you, but you resist.
An adder and an orc come into view.
The adder hisses angrily.
A goblin comes into view. It is wielding a +0 dagger.
An orc and an orc priest come into view.
The orc shouts!
The orc priest shouts!
The orc closely misses you.
The goblin shouts!
The adder bites you.
* * * LOW HITPOINT WARNING * * *
You are lethally poisoned!
The adder poisons you!
You die...

#### ....... .#### #
##...g###...... ###
#.............. ..## ### #<#
...#..o.. ..##. #.# #.# ).#...#
..##.. #.####.# #..o..
..##..##.##...# ###..#.# . #.#
#..#.#...####.So.#.##.... #.##
#.......##.@.##.#..........
...#####........####..## ........
.#.....#..####.#####...##........
............##.###...o...#.......
.......#.....#...................
...####..........................
...# ...........................
..## #...........................
..# #...............)###........


You could see an orc priest, an adder and 2 orcs.

Vanquished Creatures
  An orc wizard (D:3)
  3 adders (D:2)
  A worm (D:3)
  A dart slug (D:2)
  2 orcs (D:3)
  4 endoplasms
  2 giant cockroaches
  3 goblins
  A hobgoblin (D:1)
  2 jackals (D:1)
  5 kobolds
  3 quokkas
  6 ball pythons
  6 bats
  2 frilled lizards (D:3)
  5 rats
47 creatures vanquished.

Notes
Turn   | Place    | Note
-------+----------+-------------------------------------------
     0 | D:1      | Ablot the Gnoll Warper began the quest for the Orb.
     0 | D:1      | Reached XP level 1. HP: 20/20 MP: 6/6
   176 | D:1      | Reached XP level 2. HP: 11/26 MP: 7/7
   179 | D:1      | Learned a level 2 spell: Blink
   378 | D:1      | Found a faded altar of an unknown god.
   452 | D:1      | Found Vowimoub's Assorted Antiques.
   926 | D:2      | Reached XP level 3. HP: 25/31 MP: 9/9
  1150 | D:2      | Reached skill level 5 in Spellcasting
  1310 | D:2      | Reached skill level 1 in Invocations
  1560 | D:2      | Reached skill level 1 in Short Blades
  1560 | D:2      | Reached skill level 1 in Long Blades
  1560 | D:2      | Reached skill level 1 in Axes
  1560 | D:2      | Reached skill level 1 in Maces & Flails
  1560 | D:2      | Reached skill level 1 in Staves
  1560 | D:2      | Reached skill level 1 in Slings
  1560 | D:2      | Reached skill level 1 in Bows
  1560 | D:2      | Reached skill level 1 in Crossbows
  1560 | D:2      | Reached skill level 1 in Stealth
  1560 | D:2      | Reached skill level 1 in Shields
  1560 | D:2      | Reached skill level 1 in Unarmed Combat
  1560 | D:2      | Reached skill level 1 in Evocations
  1762 | D:2      | Reached XP level 4. HP: 34/38 MP: 11/11
  2557 | D:3      | Reached skill level 1 in Conjurations
  2557 | D:3      | Reached skill level 1 in Hexes
  2557 | D:3      | Reached skill level 1 in Summonings
  2557 | D:3      | Reached skill level 1 in Necromancy
  2557 | D:3      | Reached skill level 1 in Transmutations
  2557 | D:3      | Reached skill level 1 in Fire Magic
  2557 | D:3      | Reached skill level 1 in Ice Magic
  2557 | D:3      | Reached skill level 1 in Air Magic
  2557 | D:3      | Reached skill level 1 in Earth Magic
  2557 | D:3      | Reached skill level 1 in Poison Magic
  2566 | D:3      | Succumbed to an adder's poison

Illustrated notes

Levels and vault maps discovered:
D:1:      dpeg_arrival_castle, layout_rooms, serial_shops,
          nicolae_shop_overgrown_old_shop, serial_glass, glass_columns_a,
          glass_columns_a, glass_columns_a, glass_columns_b, glass_columns_a,
          glass_columns_c, glass_columns_b, glass_columns_b, item_on_display_a,
          hellmonk_ecumenical_altar_pennies_from_heaven, minmay_misc_feat_rows
D:2:      layout_loops_corners
D:3:      layout_rooms, grunt_decor_resistance

Skill      XL: |  1  2  3  4 |
---------------+-------------+-----
Spellcasting   | 5 |  5.1
Invocations    | 1 |  1.4
Short Blades   | 1 |  1.2
Long Blades    | 1 |  1.2
Axes           | 1 |  1.2
Maces & Flails | 1 |  1.2
Staves         | 1 |  1.2
Slings         | 1 |  1.2
Bows           | 1 |  1.2
Crossbows      | 1 |  1.2
Stealth        | 1 |  1.2
Shields        | 1 |  1.2
Unarmed Combat | 1 |  1.2
Evocations     | 1 |  1.2
Conjurations   | 1 |  1.0
Hexes          | 1 |  1.0
Summonings     | 1 |  1.0
Necromancy     | 1 |  1.0
Transmutations | 1 |  1.0
Fire Magic     | 1 |  1.0
Ice Magic      | 1 |  1.0
Air Magic      | 1 |  1.0
Earth Magic    | 1 |  1.0
Poison Magic   | 1 |  1.0
Fighting       | |  4.7
Polearms       | |  4.7
Throwing       | |  2.8
Armour         | |  2.8
Dodging        | |  4.7
Translocations | |  5.5

Action                   |  1- 3 |  4- 6 || total
-------------------------+-------+-------++-------
Melee: Spear             |    49 |       ||    49
       Bite              |     9 |     6 ||    15
       Punch             |     3 |       ||     3
       Whip              |    36 |    61 ||    97
 Cast: Blink             |       |     1 ||     1
Armor: Leather armour    |    23 |    17 ||    40
Dodge: Dodged            |    54 |    28 ||    82
